 Dungeon Crawl Stone Soup version 0.16-a0-1970-g0967df0 (webtiles) character file.

8 timbw the Caller (level 2, -2/17 HPs)
             Began as a High Elf Summoner on Nov 7, 2014.
             Slain by an adder (4 damage)
             ... on level 2 of the Dungeon.
             The game lasted 00:01:08 (248 turns).

timbw the Caller (High Elf Summoner)                 Turns: 248, Time: 00:01:08

Health: -2/17      AC:  2    Str:  7    XL:     2   Next: 0%
Magic:  4/6        EV: 12    Int: 23    God:
Gold:   50         SH:  0    Dex: 15    Spells: 2 memorised, 3 levels left

rFire  . . .     SeeInvis .     e - +0 short sword
rCold  . . .     Clarity  .     a - +0 robe
rNeg   . . .     SustAb   .     (no shield)
rPois  .         Gourm    .     (no helmet)
rElec  .         Spirit   .     (no cloak)
rCorr  .         Warding  .     (no gloves)
rMut   .         Stasis   .     (no boots)
MR     .....                    (no amulet)
Stlth  ++........               (no ring)
                                (no ring)

@: brilliant, flying, not resistant to hostile enchantments, unstealthy
A: no striking features
a: no special abilities


You were on level 2 of the Dungeon.
You were not hungry.

You visited 1 branch of the dungeon, and saw 2 of its levels.

You collected 50 gold pieces.

Inventory:

Hand weapons
 e - a +0 short sword (weapon)
 j - a +0 club
Missiles
 m - 7 tomahawks (quivered)
 n - a throwing net
Armour
 a - a +0 robe (worn)
Scrolls
 d - a scroll of teleportation {unknown}
 h - a scroll of remove curse {unknown}
 i - a scroll of fog {unknown}
Books
 b - a book of Callings

   Spells                             Type                      Level
   *Summon Small Mammal               Summoning                    1
   *Call Imp                          Summoning                    2
   Call Canine Familiar               Summoning                    3
   Summon Guardian Golem              Hexes/Summoning              4
   Summon Lightning Spire             Summoning/Air                4
   Summon Ice Beast                   Ice/Summoning                4
Comestibles
 c - 2 bread rations
 f - a slice of pizza
 k - a chunk of flesh


   Skills:
 - Level 2.1 Dodging
 - Level 2.1 Stealth
 + Level 2.9 Spellcasting
 + Level 3.7 Summonings


You had 3 spell levels left.
You knew the following spells:

 Your Spells              Type           Power        Failure   Level  Hunger
a - Summon Small Mammal   Summ           ####         1%          1    None
b - Call Imp              Summ           ####....     1%          2    ##.....


Dungeon Overview and Level Annotations

Branches:
Dungeon (2/15)

Altars:


Message History

Throwing (i - inventory. (,) - cycle):
o - a silver javelin (quivered)
Press: ? - help, Shift-Dir - straight line, f - adder
Aim: an adder You throw a silver javelin.
The silver javelin hits the adder.
The adder is moderately wounded.
The adder bites you.
* * * LOW HITPOINT WARNING * * *
Drink which item? (? for menu, Esc to quit)
You feel clever all of a sudden.
It was a potion of brilliance.
The adder bites you.
* * * LOW HITPOINT WARNING * * *
Drink which item? (? for menu, Esc to quit)
You feel very buoyant.
You fly up into the air.
It was a potion of flight.
The adder bites you but does no damage. The adder misses you.
Casting: Summon Small Mammal
Confirm with . or Enter, or press ? or * to list all spells.
A beastly little devil appears in a puff of frigid air.
The adder bites you.
You die...

. #..#. ...... # #....
. # ##. #... .>#..
#..###..# #.#.. #
......# #.#.#
#.#..#)#$.# #.#.#
#.....S@5.# #.#.#
###?.#.#..###.#.###.#
#..#.#..........(.####
#...<........)######.†
##.#...†.<..........)#
#.#######.#########.#
# #.# #.#
#.#######.#########.#
#........<..........#


You could see an adder and a friendly white imp.

Vanquished Creatures
  A hobgoblin (D:1)
  A goblin (D:1)
  A kobold (D:1)
  A rat (D:2)
4 creatures vanquished.

Vanquished Creatures (collateral kills)
  A giant cockroach (D:1)
  A goblin (D:2)
  A hobgoblin (D:2)
  A quokka (D:2)
  2 kobolds (D:2)
  A rat (D:1)
7 creatures vanquished.

Vanquished Creatures (others)
  2 quokkas (D:2)
  A bat (D:1)
  A rat (D:2)
4 creatures vanquished.

Grand Total: 15 creatures vanquished

Notes
Turn   | Place    | Note
--------------------------------------------------------------
     0 | D:1      | timbw, the High Elf Summoner, began the quest for the Orb.
     0 | D:1      | Reached XP level 1. HP: 11/11 MP: 4/4
   220 | D:2      | Reached XP level 2. HP: 3/17 MP: 3/6
   224 | D:2      | Learned a level 2 spell: Call Imp
   248 | D:2      | Slain by an adder

Action                   || total
-------------------------++-------
Melee: Short sword       ||     9
Throw: Javelin           ||     4
       Throwing net      ||     1
 Cast: Summon Small Mamm ||     7
       Call Imp          ||     1
  Use: Potion            ||     2
 Stab: Distracted        ||     1
